 Dungeon Crawl Stone Soup version 0.30-a0-457-g4b7bca3bfa (webtiles) character file.

Game seed: 18288689741960354115

53 CHAOSKNIGHTENJOYER the Cutter (level 3, -2/24 HPs)
             Began as a Deep Elf Chaos Knight on Dec 12, 2022.
             Was a Plaything of Xom.
             Slain by Natasha (3 damage)
             ... on level 3 of the Dungeon.
             The game lasted 00:02:28 (1590 turns).

CHAOSKNIGHTENJOYER the Cutter (DECK)                Turns: 1590, Time: 00:02:29

Health: -2/24      AC: 12    Str:  8    XL:     3   Next: 64%
Magic:  5/5        EV: 12    Int: 20    God:    Xom [...*..]
Gold:   99         SH:  0    Dex: 15    Spells: 2/2 levels left

rFire   . . .      SeeInvis .    f - +0 dagger (protect)
rCold   . . .      Faith    .    (no shield)
rNeg    . . .      Spirit   .    b - +2 leather armour
rPois   .          Reflect  .    (helmet restricted)
rElec   .          Harm     .    (no cloak)
rCorr   .          Rampage  .    (no gloves)
Will    .....                    (no boots)
Stlth   +.........               (no amulet)
HPRegen 0.24/turn                (no ring)
MPRegen 0.09/turn                (no ring)

@: under a protective aura, slowed, very slow
A: antennae 1, clever 1, robust 1
a: Renounce Religion


You were on level 3 of the Dungeon.
You worshipped Xom.
You were a favourite toy of Xom.
You visited 1 branch of the dungeon, and saw 3 of its levels.

You collected 99 gold pieces.

Inventory:

Hand Weapons
 a - a +0 short sword of chaos
 e - a +0 dagger
 f - a +0 dagger of protection (weapon)
Missiles
 l - 9 stones
Armour
 b - a +2 leather armour (worn)
Jewellery
 m - a ring of wizardry
Scrolls
 g - a scroll of poison {unknown}
 h - a scroll of enchant weapon {unknown}
 j - a scroll of noise {unknown}
 k - a scroll of immolation {unknown}
Potions
 d - 2 potions of might {unknown}
 i - a potion of heal wounds {unknown}
 n - a potion of mutation {unknown}
 o - 2 potions of flight {unknown}
Miscellaneous
 c - a piece from Xom's chessboard (15/15) (quivered)


   Skills:
 - Level 2.4 Fighting
 * Level 4.7 Short Blades
 - Level 0.7 Armour
 - Level 2.4 Dodging


You had 2 spell levels left.
You didn't know any spells.
Your spell library was empty.

Dungeon Overview and Level Annotations

Branches:
Dungeon (3/15)

Altars:

Annotations:
D:2 Terence
D:3 Natasha


Innate Abilities, Weirdness & Mutations

You have a pair of small antennae on your head.
Your mind is acute. (Int +4, Str/Dex -1)
You are robust. (+10% HP)


Message History

You hit Natasha.
Natasha is moderately wounded.
Natasha stares at you and mumbles some strange words.
You feel yourself slow down.
You hit Natasha.
Natasha is heavily wounded.
Natasha claws you but does no damage.
You hit Natasha.
Natasha is severely wounded.
Natasha claws you!
* * * LOW HITPOINT WARNING * * *
Unknown command.
You barely miss Natasha.
Natasha is severely wounded.
Natasha barely misses you.
You hit Natasha but do no damage.
Natasha is severely wounded.
Natasha claws you but does no damage.
Unknown command.
You hit Natasha.
Natasha is almost dead.
Natasha claws you.
* * * LOW HITPOINT WARNING * * *
You barely miss Natasha.
Natasha is severely wounded.
Natasha barely misses you. Natasha completely misses you.
Unknown command.
You barely miss Natasha.
Natasha is severely wounded.
Natasha claws you but does no damage.
Unknown command.
You barely miss Natasha.
Natasha is severely wounded.
Natasha claws you.
* * * LOW HITPOINT WARNING * * *
Unknown command.
You hit Natasha.
Natasha is almost dead.
Natasha claws you.
You die...

* #.............#.#
,,,
##.#.#.#.........#
,**
.......)<........#
,,.#...#.#)........#
,,...#,#.###.#.....#
,,,,.., ..,*#......##
,, ,,,,*##.,*###.##.#
,, ,, #.,*###.#**#
,,,, , *#.,*#.#@# *,
,, , ..,*#.#h# ,*,**,
,, #.##..5# *, ,,
,,#....#.# * ,,
,,,..(..........#
*#.......##.#)#######
#.#.....##... **
##.......##...,,,
..........####


You could see Natasha and a white imp (summoned).

Vanquished Creatures
  Natasha (D:3)
  An orc (D:2)
  4 ball pythons
  3 endoplasms
  A giant cockroach (D:2)
  3 goblins (D:1)
  4 kobolds
  A quokka (D:1)
  5 bats
  3 frilled lizards
  4 rats
30 creatures vanquished.

Notes
Turn   | Place    | Note
-------+----------+-------------------------------------------
     0 | D:1      | CHAOSKNIGHTENJOYER the Deep Elf Chaos Knight began the
                  | quest for the Orb.
     0 | D:1      | Reached XP level 1. HP: 13/13 MP: 3/3
   132 | D:1      | XOM: butterfly on damage
   187 | D:1      | Reached XP level 2. HP: 18/18 MP: 4/4
   244 | D:1      | XOM: silly message
   414 | D:1      | XOM: scenery: summon butterflies
   510 | D:1      | XOM: give mutation
   510 | D:1      | Gained mutation: You are robust. (+10% HP) [Xom's grace]
   745 | D:2      | Noticed Terence
   792 | D:2      | Found a faded altar of an unknown god.
   985 | D:2      | Reached skill level 4 in Short Blades
  1369 | D:3      | Noticed Natasha
  1410 | D:3      | Reached XP level 3. HP: 24/24 MP: 5/5
  1411 | D:3      | XOM: divination: magic mapping
  1428 | D:3      | XOM: snakes to sticks
  1439 | D:2      | XOM: give mutations
  1439 | D:2      | Gained mutation: Your mind is acute. (Int +4, Str/Dex -1)
                  | [Xom's grace]
  1439 | D:2      | Gained mutation: You have a pair of small antennae on your
                  | head. [Xom's grace]
  1523 | D:3      | XOM: butterfly on damage
  1533 | D:3      | Killed Natasha
  1562 | D:3      | Noticed Natasha
  1589 | D:3      | HP: 1/24 [Natasha (3)]
  1590 | D:3      | Slain by Natasha

Illustrated notes

Levels and vault maps discovered:
D:1:      tarquinn_simple_flora_water_e, layout_loops_ring
D:2:      layout_basic, shapermc_ecumenical_altar_starsandcircs, uniq_terence
D:3:      layout_basic, serial_shops, nicolae_shop_advertising_works
          [nicolae_subvault_shop_adworks], nrook_mini_backslash,
          nicolae_concentric_dashed_squares_mild, guppyfry_early_lair_pool,
          uniq_natasha, uniq_crazy_yiuf_cottage

Skill      XL: |  1  2 |
---------------+-------+-----
Short Blades   | 4 |  4.7
Fighting       | |  2.4
Armour         | |  0.7
Dodging        | |  2.4

Action                   || total
-------------------------++-------
Melee: Short sword       ||    37
       Dagger            ||   114
       Punch             ||     1
 Stab: Sleeping          ||     2
Armor: Leather armour    ||    77
Dodge: Dodged            ||    86

Table legend: (Time is in decaauts)
 A = Elapsed time spent in this place.
 B = Non-inter-level travel time spent in this place.
 C = Inter-level travel time spent in this place.
 D = Time resting spent in this place.
 E = Time spent auto-exploring this place.
 F = Levels seen in this place.
 G = Mean time per level.
                   A        B        C        D        E       F      G
               +--------+--------+--------+--------+--------+-----+--------+
         Total |   1578 |   1530 |     48 |    126 |   1011 |   3 |  526.0 |
       Dungeon |   1578 |   1530 |     48 |    126 |   1011 |   3 |  526.0 |
               +--------+--------+--------+--------+--------+-----+--------+

Top non-repeatable levels by time:
     D:2: 743 daAuts
     D:1: 720 daAuts
     D:3: 114 daAuts
